 Seeded DCSS version 0.30-a0-125-g51eefa89be (webtiles) character file.

Game seed: 18053537605390411477 (custom seed)

32 valliere the Shooter (level 3, -9/30 HPs)
             Began as a Minotaur Hunter on Sept 18, 2022.
             Killed by divine providence
             ... invoked by an orc priest
              (13 damage)
             ... on level 3 of the Dungeon.
             The game lasted 00:03:29 (2133 turns).

valliere the Shooter (Minotaur Hunter)              Turns: 2133, Time: 00:03:30

Health: -9/30      AC:  6    Str: 15    XL:     3   Next: 10%
Magic:  2/2        EV: 11    Int:  6    God:
Gold:   184        SH:  0    Dex: 15    Spells: 2/2 levels left

rFire   . . .      SeeInvis .    a - +0 shortbow
rCold   + . .      Faith    .    (shield currently unavailable)
rNeg    . . .      Spirit   .    j - +0 ring mail
rPois   .          Reflect  .    (helmet restricted)
rElec   .          Harm     .    (no cloak)
rCorr   .          Rampage  .    o - +0 pair of gloves
Will    .....                    (no boots)
Stlth   +.........               (no amulet)
HPRegen 0.10/turn                e - ring of protection from cold
MPRegen 0.08/turn                (no ring)

@: no status effects
A: horns 2, retaliatory headbutt
a: no special abilities


You were on level 3 of the Dungeon.
You visited 1 branch of the dungeon, and saw 3 of its levels.

You collected 184 gold pieces.

Inventory:

Hand Weapons
 a - a +0 shortbow (weapon)
Armour
 j - a +0 ring mail (worn)
 o - a +0 pair of gloves (worn)
Jewellery
 e - a ring of protection from cold (left hand)
Scrolls
 b - a scroll of immolation
 c - 2 scrolls of teleportation {unknown}
 g - a scroll of butterflies {unknown}
 m - a scroll of identify {unknown}
 n - a scroll of enchant armour {unknown}
 p - a scroll of amnesia {unknown}
Potions
 d - 2 potions of mutation {unknown}
 f - a potion of invisibility {unknown}
 h - 3 potions of berserk rage {unknown}
 i - a potion of flight {unknown}
 k - a potion of heal wounds {unknown}
 l - a potion of curing {unknown}
 q - a potion of haste {unknown}


   Skills:
 + Level 2.9 Fighting
 * Level 4.9 Ranged Weapons
 + Level 1.3 Armour
 + Level 2.6 Dodging
 - Level 0.7 Stealth


You had 2 spell levels left.
You didn't know any spells.
Your spell library was empty.

Dungeon Overview and Level Annotations

Branches:
Dungeon (3/15)

Altars:

Shops:
D:1 =!=


Innate Abilities, Weirdness & Mutations

You have a pair of horns on your head.
You reflexively headbutt those who attack you in melee.


Message History

Press: ? - help, Q - select action Dir - look around, f - activate Look: an orc, wielding a +0 club You shoot an arrow.
The orc priest calls down the wrath of Beogh upon you.
Beogh smites you!
Ouch! That really hurt!
You feel less confused.
The orc wizard gestures wildly while chanting.
The orc wizard flickers and vanishes!
Deactivating autopickup; reactivate with Ctrl-A.
The orc attacks as you move away! The orc closely misses you.
You furiously retaliate!
You headbutt the orc. The orc attacks as you move away!
The orc barely misses you. You furiously retaliate!
You headbutt the orc.
You kill the orc!
The orc priest invokes the aid of Beogh against you.
Beogh smites you!
* * * LOW HITPOINT WARNING * * *
Unknown command.
Fire: a) +0 shortbow
Press: ? - help, Q - select action Shift-Dir - straight line, f - orc priest, p - orc
Aim: an orc priest, wielding a +0 club and wearing a +0 ring mail (65% to hit)
You shoot an arrow.
The arrow hits the orc priest but does no damage.
Fire: a) +0 shortbow
Press: ? - help, Q - select action Shift-Dir - straight line, f/p - orc priest
Aim: an orc priest, wielding a +0 club and wearing a +0 ring mail (65% to hit)
You shoot an arrow.
The arrow closely misses the orc priest.
Unknown command.
You shoot an arrow. The arrow hits the orc priest.
The orc priest is lightly wounded.
The orc priest barely misses you.
You shoot an arrow.
The arrow hits the orc priest but does no damage.
The orc priest is lightly wounded.
The orc priest completely misses you.
The orc priest calls down the wrath of Beogh upon you.
Beogh smites you!
You die...

#.##....## .# #.#####.# ...
#.# #.# #.# #[#####.# #.# #
#.......# #.# #########># #.#
.####...#.# ###.##
..##.###..#########....####..
..').# #........@o)o......'..
..##.###.##########....####..
.####...## ##..## ## ##.##
#.## # #.# #.# #.# #.# # #.#
#.# ######.# #.# ....##.# #.#


You could see an orc priest and an orc.

Vanquished Creatures
  A worm (D:2)
  A dart slug (D:2)
  2 orcs (D:3)
  4 endoplasms (D:2)
  2 giant cockroaches
  2 goblins
  A hobgoblin (D:2)
  6 ball pythons
  2 frilled lizards
  4 kobolds
  A rat (D:2)
26 creatures vanquished.

Notes
Turn   | Place    | Note
-------+----------+-------------------------------------------
     0 | D:1      | valliere the Minotaur Hunter began the quest for the Orb.
     0 | D:1      | Reached XP level 1. HP: 18/18 MP: 0/0
    76 | D:1      | Found Mugenye's Jewellery Boutique.
   189 | D:1      | Found Bangin's Jewellery Shop.
   597 | D:1      | Found Yheup's Distillery.
   621 | D:1      | Reached XP level 2. HP: 24/25 MP: 1/1
  1210 | D:2      | Reached skill level 1 in Armour
  1952 | D:3      | Reached XP level 3. HP: 30/30 MP: 2/2
  1975 | D:3      | Found the +9 heavy crossbow "Sniper" {vorpal, Acc+∞ SInv}
  2133 | D:3      | Killed from afar by an orc priest

Illustrated notes

Levels and vault maps discovered:
D:1:      ncdulo_watergridlock, layout_basic, serial_forest,
          infiniplex_forest_end_3, infiniplex_forest_lined_room_,
          infiniplex_forest_clump_medium, infiniplex_forest_zigzag_2,
          infiniplex_forest_straight_3, infiniplex_forest_clump_tiny,
          serial_shops, nicolae_shop_statue_plus, shop_fountains, shop
D:2:      layout_basic, minmay_pentomino_pile
D:3:      layout_loops_corners

Skill      XL: |  1  2 |
---------------+-------+-----
Armour         | 1 |  1.3
Fighting       | |  2.9
Ranged Weapons | |  4.9
Dodging        | |  2.6
Stealth        | |  0.7

Action                   || total
-------------------------++-------
 Fire: Shortbow          ||    68
Armor: Leather armour    ||     3
       Ring mail         ||     7
Dodge: Dodged            ||    11

Table legend: (Time is in decaauts)
 A = Elapsed time spent in this place.
 B = Non-inter-level travel time spent in this place.
 C = Inter-level travel time spent in this place.
 D = Time resting spent in this place.
 E = Time spent auto-exploring this place.
 F = Levels seen in this place.
 G = Mean time per level.
                   A        B        C        D        E       F      G
               +--------+--------+--------+--------+--------+-----+--------+
         Total |   2155 |   2067 |     88 |      0 |   1877 |   3 |  718.3 |
       Dungeon |   2155 |   2067 |     88 |      0 |   1877 |   3 |  718.3 |
               +--------+--------+--------+--------+--------+-----+--------+

Top non-repeatable levels by time:
     D:1: 978 daAuts
     D:2: 812 daAuts
     D:3: 364 daAuts
